 Dungeon Crawl Stone Soup version 0.29.1 (webtiles) character file.

Game seed: 15807753740271699068

192 mtoz the Covered (level 5, -2/34 HPs)
             Began as a Gargoyle Fighter on Sept 13, 2022.
             Slain by an orc wizard
             ... wielding a +0 dagger
              (3 damage)
             ... on level 3 of the Dungeon.
             The game lasted 00:06:16 (2736 turns).

mtoz the Covered (Gargoyle Fighter)                 Turns: 2736, Time: 00:06:17

Health: -2/34      AC: 12    Str: 21    XL:     5   Next: 71%
Magic:  5/5        EV:  9    Int:  9    God:
Gold:   120        SH:  0    Dex:  9    Spells: 4/4 levels left

rFire   . . .      SeeInvis .   o - +0 hand axe
rCold   . . .      Faith    .   c - +0 buckler
rNeg    + . .      Spirit   .   b - +0 scale mail
rPois   ∞          Reflect  .   (no helmet)
rElec   +          Harm     .   (no cloak)
rCorr   .          Rampage  .   u - +0 pair of gloves
Will    .....                   (no boots)
Stlth   ..........              (no amulet)
HPRegen 0.11/turn               (no ring)
MPRegen 0.09/turn               (no ring)

@: confused
A: sickness immunity, AC +4, negative energy resistance 1, electricity
resistance, torment resistance 1, petrification resistance
a: no special abilities


You were on level 3 of the Dungeon.
You visited 1 branch of the dungeon, and saw 4 of its levels.

You collected 120 gold pieces.

Inventory:

Hand Weapons
 a - a +0 war axe
 o - a +0 hand axe (weapon)
 r - a +0 mace
 z - a +0 flail
Armour
 b - a +0 scale mail (worn)
 c - a +0 buckler (worn)
 u - a +0 pair of gloves (worn)
Scrolls
 f - a scroll of enchant armour {unknown}
 i - a scroll of poison {unknown}
 l - a scroll of butterflies {unknown}
 m - a scroll of enchant weapon {unknown}
 n - 2 scrolls of identify {unknown}
 s - a scroll of fear {unknown}
 t - a scroll of noise {unknown}
 y - a scroll of amnesia {unknown}
 A - a scroll of teleportation {unknown}
Potions
 d - a potion of might
 e - a potion of flight {unknown}
 g - 3 potions of degeneration {unknown}
 h - 2 potions of attraction {unknown}
 j - a potion of mutation {unknown}
 k - a potion of lignification {unknown}
 p - 2 potions of brilliance {unknown}
 q - a potion of cancellation {unknown}
 v - 2 potions of ambrosia {unknown}
 w - a potion of curing {unknown}
 x - a potion of magic {unknown}


   Skills:
 * Level 4.3 Fighting
 * Level 2.7 Axes
 * Level 4.3 Armour
 + Level 1.0 Dodging
 * Level 4.3 Shields


You had 4 spell levels left.
You didn't know any spells.
Your spell library contained the following spells:

 Spells                   Type           Power      Damage    Failure   Level
 Apportation              Tloc           0%         N/A       80%         1
 Conjure Flame            Conj/Fire      0%         6-21      99%         3
 Ignite Poison            Fire/Tmut/Pois 0%         N/A       99%         3
 Sticky Flame             Conj/Fire      0%         2d3       100%        4
 Alistair's Intoxication  Tmut/Pois      0%         N/A       100%        5
 Fireball                 Conj/Fire      0%         3d3       100%        5
 Iskenderun's Battlesphe  Conj           0%         2d6       100%        5
 Conjure Ball Lightning   Conj/Air       0%         3x3d6     100%        6
 Orb of Destruction       Conj           0%         9d5       100%        7


Dungeon Overview and Level Annotations

Branches:
Dungeon (4/15)
 Temple: D:4-7

Altars:


Innate Abilities, Weirdness & Mutations

You are immune to sickness and miasma.
Your stone body is resilient. (AC +4)
You are immune to poison.
You resist negative energy. (rN+)
You are resistant to electric shocks. (rElec)
You are resistant to unholy torment.
You are immune to petrification.


Message History

The orc priest calls upon Beogh to heal the orc.
You closely miss the orc.
The orc is severely wounded.
The orc barely misses you.
You closely miss the orc.
The orc is severely wounded.
The orc hits you but does no damage.
You hit the orc.
You kill the orc!
The orc priest casts a cantrip, but nothing happens.
You hit something. Something hits you but does no damage.
You miss something.
You hear some strange, mumbled words.
You are confused.
You bump into the rock wall.
Something hits you.
You completely miss something.
Something hits you but does no damage. x2
You completely miss something. Something hits you but does no damage.
There is an open door here.
You bump into the rock wall.
You feel less confused. Something hits you but does no damage.
You hit something. Something completely misses you.
You hit something. You block something's attack.
You closely miss something.
You hear some strange, mumbled words.
Something tries to affect you, but you resist.
You closely miss something.
The orc priest invokes the aid of Beogh against you.
Beogh smites you! Something hits you but does no damage.
You closely miss something.
Something hits you but does no damage. x2
You barely miss something.
The orc priest calls down the wrath of Beogh upon you.
Beogh smites you!
* * * LOW HITPOINT WARNING * * *
You hear some strange, mumbled words.
You are confused.
You bump into the rock wall.
Something hits you but does no damage.
You barely miss something. Something hits you but does no damage.
You closely miss something. Something hits you.
You die...

#.#......>....#
#.#.###.#####.#
#.......# # ###'#####
#.##...## #.#.....##
#........## ##
.##.........####..!#.
............@{oo.....
............####...#.
####.......## ##
##..>..## ##...##
##'## #.# ######.####
#.........#####


You could see an orc priest and an orc.

Vanquished Creatures
  An ogre (D:3)
  A hound (D:4)
  An adder (D:4)
  An ufetubus (D:4)
  A worm (D:4)
  A dart slug (D:1)
  3 orcs (D:3)
  5 ball pythons
  5 endoplasms
  4 giant cockroaches
  2 goblins (D:1)
  5 hobgoblins
  3 jackals (D:1)
  4 quokkas
  6 bats
  3 frilled lizards
  6 kobolds
  2 rats (D:1)
54 creatures vanquished.

Notes
Turn   | Place    | Note
-------+----------+-------------------------------------------
     0 | D:1      | mtoz the Gargoyle Fighter began the quest for the Orb.
     0 | D:1      | Reached XP level 1. HP: 14/14 MP: 1/1
   152 | D:1      | Reached XP level 2. HP: 19/19 MP: 2/2
   472 | D:1      | Found a faded altar of an unknown god.
   539 | D:1      | Reached XP level 3. HP: 23/23 MP: 3/3
  1544 | D:3      | You fall into a shaft and drop 1 floor!
  1705 | D:4      | Reached XP level 4. HP: 29/29 MP: 4/4
  2158 | D:4      | Noticed a lemure
  2158 | D:4      | Noticed a lemure
  2158 | D:4      | Noticed a lemure
  2242 | D:3      | Noticed an ogre
  2253 | D:3      | Killed an ogre
  2254 | D:3      | Reached skill level 1 in Dodging
  2254 | D:3      | Reached XP level 5. HP: 5/34 MP: 5/5
  2733 | D:3      | HP: 1/34 [orc priest/divine providence (15)]
  2736 | D:3      | Slain by an orc wizard

Illustrated notes

Levels and vault maps discovered:
D:1:      kennysheep_arrival_forest, layout_basic, basic_ecumenical_altar,
          minmay_tromino_v4_b
D:2:      layout_basic
D:3:      layout_loops_corners, serial_shops, shop
D:4:      layout_loops_cross, gammafunk_ghost_icy, uniq_ijyb, uniq_pikel,
          uniq_natasha

Skill      XL: |  1  2  3  4 |
---------------+-------------+-----
Axes           | 2 |  2.7
Fighting       | 4 |  4.3
Shields        | 4 |  4.3
Armour         | 4 |  4.3
Dodging        | 1 |  1.0

Action                   |  1- 3 |  4- 6 || total
-------------------------+-------+-------++-------
Melee: War axe           |    45 |       ||    45
       Hand axe          |    60 |    77 ||   137
Armor: Scale mail        |    77 |    33 ||   110
Dodge: Dodged            |    64 |    19 ||    83
Block: Buckler           |    26 |    10 ||    36
